 Dungeon Crawl Stone Soup version 0.24-a0-201-gf205589 (webtiles) character file.

Game seed: 17965979038373247312

204 tatocazan the Poker (level 5, 0/47 HPs)
             Began as a Minotaur Berserker on Mar 23, 2019.
             Was a Believer of Trog.
             Succumbed to a kobold's poison
             ... on level 3 of the Dungeon.
             The game lasted 00:04:33 (2867 turns).

tatocazan the Poker (Minotaur Berserker)            Turns: 2867, Time: 00:04:34

Health: 0/47       AC: 10    Str: 21 (22) XL:     5   Next: 52%
Magic:  4/4        EV:  9    Int:  7 (9)  God:    Trog [**....]
Gold:   80         SH:  0    Dex:  9 (10) Spells: 4/4 levels left

rFire    . . .     SeeInvis .   s - +0 trident
rCold    + + .     Gourm    .   (no shield)
rNeg     . . .     Faith    .   j - +0 chain mail
rPois    +         Spirit   .   (helmet restricted)
rElec    +         Reflect  .   (no cloak)
rCorr    +         Harm     .   (no gloves)
MR       .....                  m - +0 pair of boots
Stlth    ..........             (no amulet)
HPRegen  0.15/turn              h - ring of stealth
MPRegen  0.09/turn              o - ring of ice

@: brilliant, lethally poisoned (0 -> -10), resistant
A: retaliatory headbutt, horns 2
a: Berserk, Trog's Hand, Renounce Religion


You were on level 3 of the Dungeon.
You worshipped Trog.
Trog was pleased with you.
You were near starving.

You visited 1 branch of the dungeon, and saw 3 of its levels.

You collected 80 gold pieces.

Inventory:

Hand Weapons
 s - a +0 trident (weapon)
Armour
 b - a +0 animal skin
 j - a +0 chain mail (worn)
 m - a +0 pair of boots (worn)
Jewellery
 h - a ring of stealth (left hand)
 o - a ring of ice (right hand)
Wands
 n - a wand of scattershot (6)
 q - a wand of digging (3)
Scrolls
 d - 2 scrolls of enchant weapon {unknown}
 f - 3 scrolls of identify {unknown}
 g - 3 scrolls of remove curse {unknown}
 p - 2 scrolls of fog {unknown}
 r - a scroll of magic mapping {unknown}
Potions
 i - a potion of degeneration
Comestibles
 c - 3 rations


   Skills:
 + Level 4.9 Fighting
 + Level 4.9 Polearms
 + Level 4.0 Armour
 + Level 3.6 Dodging


You had 4 spell levels left.
You didn't know any spells.
Your spell library was empty.

Dungeon Overview and Level Annotations

Branches:
Dungeon (3/15)

Altars:
Gozag
Nemelex Xobeh
Okawaru


Innate Abilities, Weirdness & Mutations

You reflexively headbutt those who attack you in melee.
You have a pair of horns on your head.


Message History

Items here: ( )) † a +0 dagger; a +0 blowgun; 10 poisoned needles; a kobold corpse
* * * LOW HITPOINT WARNING * * *
You feel sick.
You take 2 damage, and have 6/47 hp.
* * * LOW HITPOINT WARNING * * *
You feel sick.
You take 1 damage, and have 5/47 hp.
* * * LOW HITPOINT WARNING * * *
You feel sick.
You take 1 damage, and have 4/47 hp.
* * * LOW HITPOINT WARNING * * *
You feel sick.
You take 2 damage, and have 2/47 hp.
* * * LOW HITPOINT WARNING * * *
You feel sick.
You take 1 damage, and have 1/47 hp.
* * * LOW HITPOINT WARNING * * *
You feel sick.
You die...

. #.##.>######.
=.#.#.#.# #
......#(#
#######
.......)#
......+
....♣...######
#######
...♣.♣.......#
..♣._.♣.####.#.
#####
#..♣.♣.........
(...#
#...♣..@####.##
....+
.............#
(...#
..############
....# .. ....#
)...# ....#
....# ....#


There were no monsters in sight!

Vanquished Creatures
  An orc wizard (D:3)
  Ijyb (D:3)
  Terence (D:3)
  Robin (D:3)
  4 adders
  2 worms
  A dart slug (D:1)
  A leopard gecko (D:1)
  9 orcs (D:3)
  2 giant cockroaches
  10 goblins
  7 hobgoblins
  3 jackals (D:3)
  2 bats
  2 frilled lizards
  8 kobolds
  5 rats
60 creatures vanquished.

Notes
Turn   | Place    | Note
-------+----------+-------------------------------------------
     0 | D:1      | tatocazan the Minotaur Berserker began the quest for the
                  | Orb.
     0 | D:1      | Reached XP level 1. HP: 19/19 MP: 0/0
   708 | D:1      | Reached XP level 2. HP: 27/27 MP: 1/1
  1428 | D:2      | Reached XP level 3. HP: 31/33 MP: 2/2
  1600 | D:2      | Found an opulent altar of Gozag.
  1864 | D:3      | Noticed Ijyb
  1873 | D:3      | Killed Ijyb
  1873 | D:3      | Reached XP level 4. HP: 41/41 MP: 3/3
  1988 | D:3      | Noticed Terence
  1995 | D:3      | Killed Terence
  2042 | D:3      | Found a sparkling altar of Nemelex Xobeh.
  2075 | D:3      | Reached ** piety under Trog
  2075 | D:3      | Reached XP level 5. HP: 42/47 MP: 4/4
  2244 | D:3      | Found an iron altar of Okawaru.
  2306 | D:3      | Noticed Robin
  2315 | D:3      | Killed Robin
  2846 | D:3      | Found a faded altar of an unknown god.
  2864 | D:3      | HP: 2/47 [poisoned by a kobold]
  2867 | D:3      | Succumbed to a kobold's poison

Levels and vault maps discovered:
D:1:      dpeg_arrival_arbitrary_a, layout_loops_cross
D:2:      layout_rooms, old_standard_altar
D:3:      layout_basic, lemuel_coloured_pillars_altar, first_ration,
          chequers_ecumenical_altar_simple_redux, nemelex_spade_bored_becter,
          uniq_terence, uniq_ijyb, uniq_robin

Skill      XL: |  1  2  3  4  5 |
---------------+----------------+-----
Fighting       | 4 |  4.9
Polearms       | 4 |  4.9
Armour         | 3 4 |  4.0
Dodging        | 3 |  3.6

Action                   |  1- 3 |  4- 6 || total
-------------------------+-------+-------++-------
Melee: Spear             |    77 |    77 ||   154
       Headbutt          |    11 |     8 ||    19
       Trident           |       |     8 ||     8
Invok: Berserk           |     1 |     2 ||     3
  Use: Potion            |       |     4 ||     4
 Stab: Sleeping          |     1 |       ||     1
  Eat: Chunk             |     3 |     1 ||     4
       Ration            |       |     1 ||     1
Armor: Animal skin       |     4 |       ||     4
       Chain mail        |    20 |    21 ||    41
Dodge: Dodged            |    26 |    33 ||    59

Table legend:
 A = Non-vault XP
 B = Vault XP
 C = Vault XP percentage of total XP
 D = Non-vault monster count
 E = Vault monster count
 F = Vault count percentage of total count
                 A         B        C        D         E       F
            +---------+---------+-------+---------+---------+-------
      Total |     186 |     106 |  36.3 |      49 |      11 |  18.3
            +---------+---------+-------+---------+---------+-------
        D:1 |      23 |       0 |   0.0 |      12 |       0 |   0.0
        D:2 |      44 |       0 |   0.0 |      11 |       0 |   0.0
        D:3 |     119 |     106 |  47.1 |      26 |      11 |  29.7
            +---------+---------+-------+---------+---------+-------
